 Seeded DCSS version 0.29-a0-321-gf1c400731a (webtiles) character file.

Game seed: 16968757970846383692 (custom seed)

457 Hubjo the Sneak (level 6, -3/49 HPs)
             Began as a Demonspawn Monk on Apr 4, 2022.
             Killed by an exploding goblin (27 damage)
             ... ignited by their inner flame
             ... on level 4 of the Dungeon.
             The game lasted 00:05:16 (2607 turns).

Hubjo the Sneak (Demonspawn Monk)                   Turns: 2607, Time: 00:05:16

Health: -3/49      AC: 11    Str: 11    XL:     6   Next: 77%
Magic:  9/9        EV: 13    Int:  6    God:
Gold:   138        SH:  0    Dex: 29    Spells: 10/10 levels left

rFire   . . .      SeeInvis .   r - +11 halberd "Xidatwy" {vorpal, +Blink Int-5 Dex+8}
rCold   + + .      Faith    .   (shield currently unavailable)
rNeg    . . .      Spirit   .   o - +5 leather armour of Card Tricks {rC++ Dex+3 Stlth+}
rPois   .          Reflect  .   (no helmet)
rElec   .          Harm     .   (no cloak)
rCorr   .          Rampage  .   (no gloves)
Will    .....                   q - +2 pair of boots {Stlth+}
Stlth   +++++.....              (no amulet)
HPRegen 3.16/turn               (no ring)
MPRegen 0.11/turn               (no ring)

@: no status effects
A: powered by death 2, demonic magic 1
a: Evoke Blink


You were on level 4 of the Dungeon.
You visited 1 branch of the dungeon, and saw 4 of its levels.

You collected 138 gold pieces.

Inventory:

Hand Weapons
 a - a +0 short sword
 r - the +11 halberd "Xidatwy" (weapon) {vorpal, +Blink Int-5 Dex+8}
   (You acquired it on level 2 of the Dungeon)

   It inflicts extra damage upon your enemies.
   Int:       It affects your intelligence (-5).
   Dex:       It affects your dexterity (+8).
   +Blink:    It lets you blink.
Armour
 b - a +0 robe
 o - the +5 leather armour of Card Tricks (worn) {rC++ Dex+3 Stlth+}
   (You found it on level 2 of the Dungeon)

   Dex:       It affects your dexterity (+3).
   rC:        It greatly protects you from cold.
   Stlth:     It makes you more stealthy.
 q - a +2 pair of boots of stealth (worn)
Scrolls
 c - a scroll of silence {unknown}
 e - a scroll of teleportation {unknown}
 g - a scroll of blinking
 j - a scroll of noise
 l - a scroll of enchant weapon {unknown}
 m - a scroll of immolation
 n - a scroll of enchant armour {unknown}
 p - 2 scrolls of identify
Potions
 d - a potion of mutation {unknown}
 h - a potion of haste {unknown}
 i - a potion of cancellation {unknown}
 k - a potion of brilliance {unknown}
 s - a potion of curing {unknown}


   Skills:
 + Level 4.7 Fighting
 - Level 2.6 Short Blades
 + Level 2.0 Polearms
 - Level 2.6 Dodging
 * Level 4.8 Stealth
 + Level 2.5 Spellcasting


You had 10 spell levels left.
You didn't know any spells.
Your spell library was empty.

Dungeon Overview and Level Annotations

Branches:
Dungeon (4/15)
 Temple: D:4-7

Altars:
Cheibriados
Dithmenos
Ru

Annotations:
D:4 Robin


Innate Abilities, Weirdness & Mutations

You regenerate health from kills.
Spells you cast may paralyse adjacent enemies.


Message History

The goblin barely misses you.
You completely miss the goblin. Robin throws the goblin at you!
The goblin misses you. The goblin closely misses you.
The goblin hits you but does no damage.
You puncture the goblin!
You kill the goblin!
A kobold comes into view. It is wielding a +0 whip.
The goblin completely misses you. The goblin barely misses you.
The hobgoblin misses you. The goblin closely misses you.
The goblin hits you with a +0 club. The hobgoblin closely misses you.
The goblin completely misses you. The goblin closely misses you.
The goblin barely misses you. The goblin hits you but does no damage.
You slash the goblin!
You kill the goblin!
The goblin barely misses you. The goblin hits you but does no damage.
The hobgoblin barely misses you. The goblin misses you.
The goblin barely misses you.
As you read the scroll of immolation, it crumbles to dust.
The creatures around you are filled with an inner flame!
The ball python barely misses you. The ball python misses you.
The goblin hits you but does no damage. x2
The hobgoblin hits you but does no damage.
The goblin hits you but does no damage. The goblin closely misses you.
The ball python bites you but does no damage.
The ball python closely misses you.
Blink to where?
Press: ? - help, Dir - move target, f - goblin, p - goblin
Aim: a goblin, wielding a +0 club (inner flame, strong)
Okay, then.
You puncture the goblin!
The goblin explodes!
The fiery explosion engulfs the goblin!!
The fiery explosion engulfs you!!
Ouch! That really hurt!
The fiery explosion engulfs the hobgoblin!!!
The fiery explosion engulfs the goblin!!
The goblin explodes!
The fiery explosion engulfs you!!
Ouch! That really hurt!
You die...

,,,,* *********,***,,,,*
,,,,*****...............,*
>,,,,,,,+................*
,,***,,,*...............#*
,,***,*,,...............#
,,,,,,,,,...............#
,,,,,,,,,......gg.......#*****
,,,**,,,,.....gS§§###.....####
,,,,,,*,*...K.gg@)###.....####
,,,****,*###+####§###.....####
,,,****.####..###§...........####
,,,,,,,..........................
*,,****.#####..##......_......#**
,,,,,,,,,,*#.#.###...........####
,,,*#.**#.##>#.##*...............
,,,*#.* #.##.#..#####.....###....
*,**#.###.##.##.#.###.....###....


You could see Robin (inner flame), 4 goblins, a ball python (inner flame) and a
kobold (inner flame).

Vanquished Creatures
  4 scorpions (D:4)
  An iron imp (D:4)
  An orc priest (D:4)
  A jelly (D:4)
  Natasha (D:2)
  An orc wizard (D:4)
  2 adders
  A worm (D:4)
  2 dart slugs (D:1)
  3 orcs (D:4)
  6 endoplasms
  2 giant cockroaches (D:1)
  14 goblins
  8 hobgoblins
  3 kobolds
  3 quokkas
  5 ball pythons
  3 bats
  A frilled lizard (D:1)
  7 rats
69 creatures vanquished.

Notes
Turn   | Place    | Note
-------+----------+-------------------------------------------
     0 | D:1      | Hubjo the Demonspawn Monk began the quest for the Orb.
     0 | D:1      | Reached XP level 1. HP: 18/18 MP: 1/1
    90 | D:1      | Gained mutation: You regenerate a little health from kills.
                  | [demonic ancestry]
    90 | D:1      | Reached XP level 2. HP: 13/24 MP: 2/2
   686 | D:1      | Gained mutation: You regenerate health from kills. [demonic
                  | ancestry]
   686 | D:1      | Reached XP level 3. HP: 29/29 MP: 4/4
   928 | D:1      | Reached skill level 1 in Spellcasting
  1172 | D:2      | Found a faded altar of an unknown god.
  1720 | D:2      | Noticed Natasha
  1802 | D:2      | Identified the +5 leather armour of Card Tricks {rC++ Dex+3
                  | Stlth+}
  1882 | D:2      | Killed Natasha
  1883 | D:2      | Gained mutation: Spells you cast may paralyse adjacent
                  | enemies. [demonic ancestry]
  1883 | D:2      | Reached XP level 4. HP: 37/37 MP: 5/5
  1961 | D:2      | Identified 2 scrolls of acquirement
  1961 | D:2      | Acquired a +2 pair of boots of stealth
  1963 | D:2      | Acquired the +11 halberd "Xidatwy" {vorpal, +Blink Int-5
                  | Dex+8}
  2095 | D:3      | You fall into a shaft and drop 1 floor!
  2099 | D:4      | Found a snail-covered altar of Cheibriados.
  2115 | D:4      | Found a shadowy altar of Dithmenos.
  2223 | D:4      | Noticed a scorpion
  2240 | D:4      | Found a sacrificial altar of Ru.
  2244 | D:4      | Killed a scorpion
  2245 | D:4      | Reached XP level 5. HP: 16/42 MP: 7/7
  2251 | D:4      | Reached skill level 1 in Polearms
  2462 | D:4      | Reached XP level 6. HP: 49/49 MP: 9/9
  2599 | D:4      | Noticed Robin
  2607 | D:4      | Killed by an exploding goblin... ignited by their inner
                  | flame

Illustrated notes

Levels and vault maps discovered:
D:1:      lemuel_arrival_rhombus, layout_loops_ring,
          hangedman_decor_clover_reticule
D:2:      kennysheep_six_static_rooms, layout_loops_ring,
          shapermc_ecumenical_altar_venn, uniq_natasha
D:3:      layout_basic
D:4:      layout_basic, mainiacjoe_overflow_boulevard,
          mainiacjoe_overflow_alcove_4, slow_altar_1, uniq_robin

Skill      XL: |  1  2  3  4  5  6 |
---------------+-------------------+-----
Stealth        | 2 3 4 |  4.8
Spellcasting   | 1 2 |  2.5
Fighting       | 4 |  4.7
Polearms       | 1 2 |  2.0
Short Blades   | |  2.6
Dodging        | |  2.6

Action                   |  1- 3 |  4- 6 || total
-------------------------+-------+-------++-------
Melee: Short sword       |   113 |    12 ||   125
       Punch             |     2 |       ||     2
       Halberd           |       |    42 ||    42
 Abil: Evoke Blink       |       |     1 ||     1
  Use: Scroll            |     3 |     5 ||     8
       Potion            |       |     1 ||     1
 Stab: Sleeping          |     7 |     9 ||    16
Armor: Robe              |    10 |       ||    10
       Leather armour    |       |    35 ||    35
Dodge: Dodged            |    57 |    51 ||   108

Table legend: (Time is in decaauts)
 A = Elapsed time spent in this place.
 B = Non-inter-level travel time spent in this place.
 C = Inter-level travel time spent in this place.
 D = Time resting spent in this place.
 E = Time spent auto-exploring this place.
 F = Levels seen in this place.
 G = Mean time per level.
                   A        B        C        D        E       F      G
               +--------+--------+--------+--------+--------+-----+--------+
         Total |   2618 |   2498 |    120 |     88 |   1836 |   4 |  654.5 |
       Dungeon |   2618 |   2498 |    120 |     88 |   1836 |   4 |  654.5 |
               +--------+--------+--------+--------+--------+-----+--------+

Top non-repeatable levels by time:
     D:1: 1054 daAuts
     D:2: 1020 daAuts
     D:4: 528 daAuts
     D:3: 15 daAuts
